 Dungeon Crawl Stone Soup version 0.16.2-12-gd0ad4c3 (webtiles) character file.

361 FrancescoMac the Skirmisher (level 6, 0/52 HPs)
             Began as a Centaur Fighter on Feb 4, 2016.
             Was an Initiate of Ru.
             Slain by an orc
             ... wielding a +2 morningstar of protection
              (7 damage)
             ... on level 4 of the Dungeon.
             The game lasted 00:20:34 (3711 turns).

FrancescoMac the Skirmisher (Centaur Fighter)       Turns: 3711, Time: 00:20:35

Health: 0/52       AC: 13    Str: 18    XL:     6   Next: 38%
Magic:  4/4        EV:  2    Int: 12    God:    Ru [......]
Gold:   140        SH:  7    Dex:  8    Spells: 0 memorised, 5 levels left

rFire  . . .     SeeInvis .     u - +2 trident (flame)
rCold  . . .     Clarity  .     k - +0 chain mail
rNeg   . . .     SustAb   .     c - +0 shield
rPois  .         Gourm    .     v - +0 helmet
rElec  .         Spirit   .     g - +2 cloak
rCorr  .         Warding  .     (no gloves)
rMut   .         Stasis   .     (no barding)
MR     .....                    (no amulet)
Stlth  ..........               (no ring)
                                h - +2 ring of intelligence

@: very heavily drained, very quick, not resistant to hostile enchantments,
extremely unstealthy
A: hooves 3, thin metallic scales 1, clever 1, clumsy 1, deformed body, speed 2,
low mp 1, slow healing 1, tough skin 3
a: Renounce Religion


You were on level 4 of the Dungeon.
You worshipped Ru.
Ru was noncommittal.
You were not hungry.

You visited 2 branches of the dungeon, and saw 7 of its levels.

You collected 140 gold pieces.

Inventory:

Hand weapons
 a - a +0 trident
 u - a +2 trident of flaming (weapon)
Armour
 c - a +0 shield (worn)
 g - a +2 cloak (worn)
 k - a +0 chain mail (worn)
 v - a +0 helmet (worn)
Jewellery
 h - a +2 ring of intelligence (left hand)
Scrolls
 b - 2 scrolls of enchant weapon {unknown}
 f - a scroll of recharging {unknown}
 l - 2 scrolls of teleportation {unknown}
 m - a scroll of noise {unknown}
 p - 5 scrolls of remove curse
 s - a scroll of enchant armour {unknown}
Potions
 e - 3 potions of might
 j - 3 potions of agility {unknown}
 n - 3 potions of haste {unknown}
 o - 2 potions of curing {unknown}
 q - a potion of heal wounds {unknown}
 r - a potion of cure mutation {unknown}
Comestibles
 d - 4 bread rations
 i - 2 chunks of flesh
 t - a meat ration


   Skills:
 + Level 4.0(0.6) Fighting
 + Level 3.4(0.1) Polearms
 + Level 3.1(0.0) Armour
 + Level 0.9(0.0) Dodging
 + Level 0.1(0.0) Stealth
 + Level 3.5(0.2) Shields


You had 5 spell levels left.
You didn't know any spells.

Dungeon Overview and Level Annotations

Branches:
Dungeon (6/15)             Temple (1/1) D:4

Altars:
Cheibriados
Dithmenos
Elyvilon
Fedhas
Gozag
Okawaru
Ru
Sif Muna
Trog
Xom
Zin
The Shining One

Annotations:
D:2 Sigmund


Innate Abilities, Weirdness & Mutations

You have hooves in place of feet.
Armour fits poorly on your strangely shaped body.
You cover ground very quickly.
You have extremely tough skin (AC +3).
You are partially covered in thin metallic scales (AC +2).
Your mind is acute. (Int +2)
You are clumsy. (Dex -2)
Your magical capacity is low (-10% MP).
You heal slowly when monsters are visible.


Message History

You completely miss something. You kick something.
Reactivating autopickup.
Your base Fighting skill increases to level 4!
You feel a bit more experienced. The orc hits you but does no damage.
You block the orc's attack. The hobgoblin hits you.
* * * LOW HITPOINT WARNING * * *
You hit the hobgoblin but do no damage.
You kick the hobgoblin, but do no damage.
The orc hits you with a hand axe.
* * * LOW HITPOINT WARNING * * *
The orc hits you but does no damage.
The hobgoblin hits you but does no damage.
You are too injured to fight recklessly!
You are too injured to fight recklessly!
You are too injured to fight recklessly!
You hit the hobgoblin. You burn the hobgoblin. You kick the hobgoblin.
You kill the hobgoblin!
You block the orc's attack.
The orc hits you with a morningstar of protection!
You die...

#.#.###..........#####..#.#..##
#........####..................
#.#.##...# #######....#.#.#
#......###### #......#
#......[....## ##...#.#
.........#......## #...#.#
.........#.....(.# ###.#.#
.........#.......# ##.#.##
##.######.....@o# #.....# #.
#.....)o# #.(...# #######.#
#.....# .# #.....# .# #.##>##.
.# #.##.# . .# #....# . .#
#.#..##. . #.#.....


You could see 2 orcs.

Vanquished Creatures
  An ice beast (D:6)
  A giant frog skeleton (D:4)
  An orc wizard (D:4)
  Natasha (D:3)
  Robin (D:4)
  A gnoll (D:1)
  4 adders
  3 worms
  2 giant mites
  2 shadow imps (D:3)
  3 giant geckos
  An ooze (D:1)
  An orc (D:4)
  8 bats
  13 hobgoblins
  A quokka (D:2)
  A ball python (D:2)
  3 giant newts
  27 goblins
  4 jackals (D:3)
  11 kobolds
  8 rats
98 creatures vanquished.

Notes
Turn   | Place    | Note
--------------------------------------------------------------
     0 | D:1      | FrancescoMac, the Centaur Fighter, began the quest for the Orb.
     0 | D:1      | Reached XP level 1. HP: 19/19 MP: 1/1
   198 | D:1      | Reached XP level 2. HP: 20/26 MP: 2/2
   468 | D:1      | Reached XP level 3. HP: 26/31 MP: 3/3
  1102 | D:2      | Noticed Sigmund
  1113 | D:2      | HP: 1/31 [something (5)]
  1488 | D:2      | Reached XP level 4. HP: 33/39 MP: 3/3
  2167 | D:3      | Noticed Natasha
  2302 | D:3      | Killed Natasha
  2302 | D:3      | Reached XP level 5. HP: 12/46 MP: 4/4
  2339 | D:3      | Gained mutation: Your magical capacity is low (-10% MP). [potion of mutation]
  2339 | D:3      | Gained mutation: You are clumsy. (Dex -2) [potion of mutation]
  2339 | D:3      | Gained mutation: You heal slowly when monsters are visible. [potion of mutation]
  2340 | D:3      | Gained mutation: Your mind is acute. (Int +2) [potion of mutation]
  2340 | D:3      | Gained mutation: You are partially covered in thin metallic scales (AC +2). [potion of mutation]
  2874 | D:3      | You fall through a shaft for 3 floors!
  2880 | D:6      | Noticed an ice beast
  2900 | D:6      | Killed an ice beast
  2900 | D:6      | Reached XP level 6. HP: 21/52 MP: 4/4
  3098 | D:5      | Entered Level 5 of the Dungeon
  3168 | D:4      | Noticed Robin
  3196 | D:4      | Killed Robin
  3246 | D:4      | Found a staircase to the Ecumenical Temple.
  3257 | Temple   | Entered the Ecumenical Temple
  3521 | Temple   | Became a worshipper of Ru the Awakened
  3709 | D:4      | Reached skill level 4 in Fighting
  3711 | D:4      | Slain by an orc

Action                   |  1- 3 |  4- 6 || total
-------------------------+-------+-------++-------
Melee: Trident           |   129 |   236 ||   365
  Use: Scroll            |     4 |     1 ||     5
       Potion            |       |     3 ||     3
  Eat: Bread ration      |     1 |     1 ||     2
       Chunk             |       |     1 ||     1
